[Event "Titled Tuesday Blitz November 08 Late 2022"]
[White "Amburgy, Ryan"]
[Black "Jorquera, Marcelo"]
[WhiteFideId "30924820"]
[BlackFideId "3401197"]
[WhiteElo "2121"]
[BlackElo "2136"]
[Result "1-0"]
[Round "02"]
[TimeControl "180+1"]
[Date "2022.11.09"]
[WhiteClock "0:00:07"]
[BlackClock "0:00:01"]

1. Nf3 Nf6 2. c4 g6 3. Nc3 Bg7 4. e4 d6 5. d4 O-O 6. Be2 e5 7. Be3 exd4 8. Nxd4 Re8 9. f3 c6 10. Nc2 Na6 11. Qd2 Nc7 12. O-O-O d5 13. cxd5 cxd5 14. Bg5 Ne6 15. e5 Nxg5 16. Qxg5 Nd7 17. Qxd8 Rxd8 18. Rxd5 Re8 19. f4 Nb6 20. Rd4 f6 21. Bf3 fxe5 22. fxe5 Bxe5 23. Rdd1 Bf5 24. Bxb7 Rab8 25. Bf3 Bf4+ 26. Kb1 Be5 27. Nd5 Nc4 28. Nf6+ Bxf6 29. Bd5+ Be6 30. Bxe6+ Rxe6 31. b3 Ne3 32. Nxe3 Rxe3 33. Rd2 Rbe8 34. Rhd1 Re2 35. Kc2 Rxd2+ 36. Rxd2 Bg5 37. Rd7 Re7 38. Rd8+ Kg7 39. Rd5 Rc7+ 40. Kb1 Bf6 41. Ra5 Re7 42. Kc2 Bd4 43. Kd3 Bb6 44. Ra4 Rd7+ 45. Ke2 Re7+ 46. Kd3 Rf7 47. g4 Rf2 48. h4 Rf3+ 49. Ke4 Re3+ 50. Kd5 Rh3 51. g5 Rf3 52. Rc4 Rf7 53. a4 Rc7 54. Re4 Rd7+ 55. Kc6 Rc7+ 56. Kd6 Rf7 57. b4 Bf2 58. a5 Bg3+ 59. Kc6 Rf4 60. Re7+ Rf7 61. Re3 Bxh4 62. Re5 Bf2 63. b5 h6 64. gxh6+ Kxh6 65. Re2 Bd4 66. Kd5 Bg1 67. Rg2 Be3 68. Ke6 Bf4 69. Rh2+ 1-0


[Site "https://www.chess.com"]

[Event "Titled Tuesday Blitz November 08 Late 2022"]
[White "Annaberdiyev, Babageldi"]
[Black "Dardha, Daniel"]
[WhiteFideId "14000385"]
[BlackFideId "240990"]
[WhiteElo "2565"]
[BlackElo "2833"]
[Result "1/2-1/2"]
[Round "02"]
[TimeControl "180+1"]
[Date "2022.11.09"]
[WhiteClock "0:00:52"]
[BlackClock "0:00:40"]

1. e4 e5 2. Nf3 Nc6 3. Bc4 Nf6 4. d4 exd4 5. O-O Nxe4 6. Re1 d5 7. Bxd5 Qxd5 8. Nc3 Qa5 9. Nxe4 Be7 10. Bg5 Be6 11. Bxe7 Nxe7 12. Qxd4 O-O 13. Qc5 Nc6 14. Qxa5 Nxa5 15. Nc5 Bd5 16. b4 Nc4 17. Ne5 b6 18. Na6 Rac8 19. a4 Nxe5 20. Rxe5 Bb7 21. b5 Rfd8 22. Nb4 g6 23. h3 Rd4 24. c3 Rc4 25. Re3 c5 26. bxc6 Bxc6 27. a5 b5 28. a6 Rc7 29. Ra3 Kg7 30. Nxc6 R4xc6 31. Rb3 Rxa6 32. Rxb5 Ra3 33. g3 Raxc3 34. Rxc3 Rxc3 35. Rb7 a5 36. Ra7 Rc5 37. Ra6 h5 38. Kg2 Kf8 39. Ra7 Re5 40. h4 Rf5 41. Kg1 Ke8 42. Kg2 Kd8 43. f3 Kc8 44. g4 Kb8 45. Re7 hxg4 46. fxg4 Rf6 47. h5 gxh5 48. gxh5 a4 49. Re4 Ra6 50. h6 Rxh6 51. Rxa4 Kc8 52. Rd4 Kc7 53. Kf3 Rd6 54. Rf4 f6 55. Ra4 Kd7 56. Kf4 Ke6 57. Rb4 Kf7 58. Rb8 Rd4+ 59. Kf5 Rd5+ 60. Kf4 Rh5 61. Ra8 Kg6 62. Rg8+ Kf7 63. Ra8 Rb5 64. Rc8 Rb7 65. Ra8 Ke6 66. Re8+ Re7 67. Rxe7+ Kxe7 68. Kf5 Kf7 69. Kf4 Ke6 70. Ke4 f5+ 71. Kf4 Kf6 72. Kf3 Ke5 73. Ke3 f4+ 74. Kf3 Kf5 75. Kf2 Kg4 76. Kg2 f3+ 77. Kf2 Kf4 78. Kf1 Kg4 79. Kf2 Kf4 80. Kf1 Ke4 81. Kf2 Kd5 82. Kf1 Kd4 83. Kf2 Ke4 84. Kf1 Ke3 85. Ke1 f2+ 86. Kf1 Kd2 87. Kxf2 1/2-1/2


[Site "https://www.chess.com"]

[Event "Titled Tuesday Blitz November 08 Late 2022"]
[White "Ansh M Shah"]
[Black "Hansen, Eric"]
[WhiteFideId "25033379"]
[BlackFideId "2606771"]
[WhiteElo "2084"]
[BlackElo "2568"]
[Result "0-1"]
[Round "02"]
[TimeControl "180+1"]
[Date "2022.11.09"]
[WhiteClock "0:00:03"]
[BlackClock "0:00:13"]

1. d4 Nf6 2. c4 e6 3. g3 d5 4. Bg2 Bb4+ 5. Nd2 O-O 6. Nf3 h6 7. O-O b6 8. Ne5 Bb7 9. a3 Be7 10. b4 c5 11. dxc5 bxc5 12. b5 Qc7 13. Bb2 Nbd7 14. Nxd7 Nxd7 15. Qc2 Rac8 16. Rfd1 Rfd8 17. Rac1 d4 18. Bxb7 Qxb7 19. Qe4 Qc7 20. Nf3 Nf6 21. Qc2 Bd6 22. e3 Qb7 23. Qe2 e5 24. Nh4 Re8 25. Nf5 Bf8 26. Nh4 Rcd8 27. Qf3 Qd7 28. Qf5 Qb7 29. Qf3 Qb6 30. Nf5 e4 31. Qg2 Qe6 32. g4 d3 33. h3 Nh7 34. Ng3 Ng5 35. Nh5 Nf3+ 36. Kh1 f6 37. Nf4 Qd6 38. Nxd3 Nh4 39. Qg3 Qxg3 40. fxg3 exd3 41. gxh4 Rxe3 42. Rd2 Bd6 43. Rcd1 Rxh3+ 44. Kg2 Rg3+ 45. Kf2 Bf4 46. Bc3 Rh3 47. Kg2 Rh2+ 48. Kf3 Bxd2 49. Bxd2 Rxh4 50. Bf4 h5 51. gxh5 Rd4 52. Be3 Rxc4 53. Rxd3 Rxh5 54. Rd8+ Kh7 55. Rd7 Rh3+ 56. Ke2 Rc2+ 57. Kd3 Ra2 58. Rxa7 c4+ 59. Kd4 c3 60. Re7 Rxa3 61. b6 Rb3 62. b7 c2 63. Bd2 Rh4+ 64. Kc5 Rh2 65. Bc1 Rh1 66. Bf4 c1=Q+ 67. Bxc1 Rxc1+ 68. Kd6 Rcb1 69. Kc6 Rb6+ 70. Kc5 Rxb7 0-1


[Site "https://www.chess.com"]

[Event "Titled Tuesday Blitz November 08 Late 2022"]
[White "Antonova, Nadezhda"]
[Black "Poliakova, Varvara"]
[WhiteFideId "14700182"]
[BlackFideId "13518313"]
[WhiteElo "1813"]
[BlackElo "2099"]
[Result "0-1"]
[Round "02"]
[TimeControl "180+1"]
[Date "2022.11.09"]
[WhiteClock "0:00:22"]
[BlackClock "0:00:26"]

1. Nf3 f5 2. b3 d6 3. Bb2 Nf6 4. d4 g6 5. g3 Bg7 6. Bg2 O-O 7. c4 Nc6 8. O-O e5 9. dxe5 Ng4 10. Nc3 Ngxe5 11. Qd2 Nxf3+ 12. exf3 Ne5 13. f4 Ng4 14. Nd5 Bxb2 15. Qxb2 c6 16. Nc3 Qf6 17. Rad1 Rd8 18. Rd2 Nh6 19. Rfd1 Nf7 20. Ne2 Qxb2 21. Rxb2 Re8 22. Rbd2 Bd7 23. Nd4 Re7 24. Nc2 Rae8 25. Ne3 Kg7 26. b4 a5 27. a3 axb4 28. axb4 Ra8 29. b5 Ra3 30. bxc6 bxc6 31. Rb2 Be8 32. Rb6 Rc7 33. Rb8 Bd7 34. h3 Kf6 35. Bf3 Rca7 36. Kg2 Ra2 37. Rdb1 R2a6 38. R1b7 Rxb7 39. Rxb7 Ke7 40. Nc2 h6 41. Nb4 Nd8 42. Nxa6 Nxb7 43. Nb8 Nd8 44. Kf1 Be6 45. Bxc6 Bxc4+ 46. Ke1 Ne6 47. Bf3 Nd4 48. Nc6+ Nxc6 49. Bxc6 Bf7 50. Kd2 d5 51. Kc3 Kd6 52. Bb7 Kc5 53. Ba6 d4+ 54. Kd3 Bd5 55. h4 Be4+ 56. Kd2 h5 57. Bc8 Kd6 58. Ba6 Bd5 59. Kd3 Kc5 60. Bc8 Bc4+ 61. Kd2 Kc6 62. Kc2 Kc7 63. Bxf5 gxf5 64. Kd2 Kd7 65. Kc2 Kd6 66. Kd2 Kd5 67. Kc2 Ke4 68. Kd2 Kf3 69. Ke1 Kg2 0-1


[Site "https://www.chess.com"]

[Event "Titled Tuesday Blitz November 08 Late 2022"]
[White "Arbunic Castro, Giovanna"]
[Black "Dzierzak, Radoslaw"]
[WhiteFideId "3400549"]
[BlackFideId "1161407"]
[WhiteElo "1878"]
[BlackElo "2111"]
[Result "0-1"]
[Round "02"]
[TimeControl "180+1"]
[Date "2022.11.09"]
[WhiteClock "0:01:13"]
[BlackClock "0:01:07"]

1. e4 c6 2. d4 d5 3. e5 c5 4. dxc5 Nc6 5. Bb5 e6 6. Be3 Nh6 7. f4 Nf5 8. Bf2 Qa5+ 9. Nc3 d4 10. Bxd4 Nxd4 11. Qxd4 Bd7 12. Bxc6 Bxc6 13. O-O-O Bxc5 14. Qd2 O-O 15. Nf3 Bb4 16. Ng5 Rfd8 17. Qe3 Bxc3 18. bxc3 Qa3+ 19. Kb1 Bd5 20. c4 Qxe3 0-1


[Site "https://www.chess.com"]

[Event "Titled Tuesday Blitz November 08 Late 2022"]
[White "Arencibia Monduy, Antonio"]
[Black "Roque Sola, Gisela"]
[WhiteFideId "3507939"]
[BlackFideId "5120241"]
[WhiteElo "2473"]
[BlackElo "1961"]
[Result "1-0"]
[Round "02"]
[TimeControl "180+1"]
[Date "2022.11.09"]
[WhiteClock "0:00:18"]
[BlackClock "0:00:09"]

1. e4 e6 2. d4 d5 3. Bd3 dxe4 4. Bxe4 Nf6 5. Bf3 c5 6. Ne2 Nc6 7. c3 cxd4 8. cxd4 Bb4+ 9. Nbc3 O-O 10. Bg5 h6 11. Bh4 Be7 12. O-O Bd7 13. Qb3 Na5 14. Qd1 Bc6 15. Bxc6 Nxc6 16. Qb3 b6 17. Rfd1 Nd5 18. Bg3 Na5 19. Qb5 Nf6 20. d5 exd5 21. Nxd5 Nxd5 22. Rxd5 Qc8 23. b4 Nb7 24. Rc1 Qg4 25. Rd4 Qe6 26. Nf4 Qxa2 27. h3 Bf6 28. Rd7 Nd8 29. Qd5 Qxd5 30. Nxd5 Bb2 31. Rc2 Ba3 32. Bd6 Re8 33. Ne7+ Kh7 34. Nf5 Kg6 35. g4 Ne6 36. Ne7+ Kh7 37. Nf5 Kg6 38. Rc6 Rac8 39. Rxc8 Rxc8 40. Ne7+ 1-0


[Site "https://www.chess.com"]

[Event "Titled Tuesday Blitz November 08 Late 2022"]
[White "Arnold, Ken"]
[Black "Salman, Pavel"]
[WhiteFideId "2056836"]
[BlackFideId "24153753"]
[WhiteElo "2317"]
[BlackElo "2187"]
[Result "0-1"]
[Round "02"]
[TimeControl "180+1"]
[Date "2022.11.09"]
[WhiteClock "0:00:15"]
[BlackClock "0:00:23"]

1. d4 Nf6 2. c4 c5 3. d5 b5 4. cxb5 a6 5. b6 e6 6. dxe6 fxe6 7. Bd2 Qxb6 8. Bc3 Be7 9. e3 Bb7 10. Nf3 O-O 11. Be2 d5 12. Na3 Nbd7 13. O-O Ne4 14. Rc1 Ndf6 15. Be5 Ng4 16. Bg3 Rf7 17. Qc2 Raf8 18. Nb1 d4 19. exd4 cxd4 20. Nbd2 Nxg3 21. hxg3 e5 22. Bc4 h5 23. Ne4 Qh6 24. Bxf7+ Rxf7 25. Rce1 h4 26. gxh4 Bxh4 27. Qb3 Bd8 28. Nd6 Qxd6 29. Nxe5 Nxe5 30. f4 Qd5 31. Qxd5 Bxd5 32. fxe5 Rxf1+ 33. Kxf1 Kf7 34. Rd1 Bb6 35. b3 Ke6 36. Kf2 Kxe5 37. Kg3 Be4 38. Rh1 d3 39. Rh8 d2 40. Rd8 Bxd8 0-1


[Site "https://www.chess.com"]

[Event "Titled Tuesday Blitz November 08 Late 2022"]
[White "Atakishiyev, Elmar"]
[Black "Chlpik, Martin"]
[WhiteFideId "13410547"]
[BlackFideId "14923351"]
[WhiteElo "2194"]
[BlackElo "2109"]
[Result "0-1"]
[Round "02"]
[TimeControl "180+1"]
[Date "2022.11.09"]
[WhiteClock "0:00:35"]
[BlackClock "0:00:09"]

1. c4 c5 2. Nc3 Nc6 3. g4 h5 4. g5 g6 5. Bg2 Bg7 6. h4 e6 7. e3 Nge7 8. Nge2 d5 9. cxd5 exd5 10. O-O O-O 11. Ng3 d4 12. Nce4 Nf5 13. Nxf5 Bxf5 14. Nxc5 Qe7 15. Nb3 d3 16. e4 Bg4 17. f3 Be6 18. f4 Nd4 19. Nxd4 Bxd4+ 20. Kh2 f6 21. Qa4 Qd6 22. Kh1 fxg5 23. e5 Bxe5 24. Qe4 Rxf4 25. Qxg6+ Bg7 26. Rxf4 gxf4 27. b4 Qe5 28. Bb2 Qxb2 29. Qxe6+ Kh8 30. Rg1 Qf6 31. Qd5 Qxh4+ 32. Bh3 Qxh3# 0-1


[Site "https://www.chess.com"]

[Event "Titled Tuesday Blitz November 08 Late 2022"]
[White "Aung Thant Zin"]
[Black "Rangel, Daniel"]
[WhiteFideId "13000063"]
[BlackFideId "2124475"]
[WhiteElo "2278"]
[BlackElo "2225"]
[Result "0-1"]
[Round "02"]
[TimeControl "180+1"]
[Date "2022.11.09"]
[WhiteClock "0:00:02"]
[BlackClock "0:00:33"]

1. e4 c5 2. Nf3 g6 3. h4 Nc6 4. h5 Bg7 5. c3 d6 6. d4 cxd4 7. cxd4 Bg4 8. hxg6 hxg6 9. Rxh8 Bxh8 10. Be3 Qb6 11. Nc3 Qxb2 12. Nd5 Bxf3 13. gxf3 Rc8 14. Rb1 Qxa2 15. Bb5 e6 16. Nb4 Qa5 17. Bxc6+ bxc6 18. Bd2 Qh5 19. Ke2 Bxd4 20. Qa4 Qb5+ 21. Qxb5 cxb5 22. Nc2 Rxc2 23. Kd3 Rxd2+ 24. Kxd2 Bxf2 25. Rxb5 Bb6 26. Kd3 Nf6 27. f4 d5 28. e5 Nh5 29. Rb4 Kd7 30. Ke2 Kc6 31. Kf3 Ng7 32. Rb1 Nf5 33. Rh1 Kd7 34. Rh8 Ke7 35. Rb8 Bd4 36. Rb7+ Kf8 37. Kg4 Kg7 38. Rb8 a5 39. Ra8 Bc3 40. Ra7 Bb4 41. Rb7 Ne3+ 42. Kf3 Nc4 43. Rc7 a4 44. Rxc4 dxc4 0-1


[Site "https://www.chess.com"]

[Event "Titled Tuesday Blitz November 08 Late 2022"]
[White "Ballester Llagaria, Luis Eduardo"]
[Black "Romero Ruscalleda, Josep"]
[WhiteFideId "2297620"]
[BlackFideId "2231859"]
[WhiteElo "2344"]
[BlackElo "2183"]
[Result "0-1"]
[Round "02"]
[TimeControl "180+1"]
[Date "2022.11.09"]
[WhiteClock "0:00:53"]
[BlackClock "0:01:03"]

1. e4 g6 2. d4 Bg7 3. Nc3 d6 4. Be3 a6 5. f4 b5 6. Nf3 Bb7 7. Bd3 Nf6 8. e5 Nd5 9. Nxd5 Bxd5 10. O-O O-O 11. Qe1 Nd7 12. Qh4 Bxf3 13. Rxf3 e6 14. Qf2 d5 15. g4 f6 16. Rf1 Qe7 17. Rh3 fxe5 18. dxe5 Nxe5 19. Bc5 Nxd3 20. Bxe7 Nxf2 21. Rxf2 Rf7 22. Bc5 Bxb2 23. Re3 Re8 24. f5 e5 25. f6 e4 26. g5 Re5 27. h4 d4 28. Re1 e3 29. Rf4 Rxc5 30. Re4 Rxc2 31. Re8+ Rf8 32. Re7 Rc1 33. Rxc1 Bxc1 34. Rxc7 0-1


[Site "https://www.chess.com"]

[Event "Titled Tuesday Blitz November 08 Late 2022"]
[White "Banzea, Alexandru-Bogdan"]
[Black "Mardov, Dimitar"]
[WhiteFideId "1232622"]
[BlackFideId "30919495"]
[WhiteElo "2294"]
[BlackElo "2332"]
[Result "1-0"]
[Round "02"]
[TimeControl "180+1"]
[Date "2022.11.09"]
[WhiteClock "0:00:13"]
[BlackClock "0:00:01"]

1. d4 Nf6 2. Bf4 d5 3. Nf3 Bf5 4. e3 e6 5. Bd3 Ne4 6. Bxe4 dxe4 7. Nfd2 Nc6 8. O-O h5 9. f3 Nxd4 10. exd4 Qxd4+ 11. Kh1 e3 12. Ne4 Qb6 13. Nbc3 Be7 14. Qe2 O-O 15. Bxe3 Qc6 16. Qb5 Qxb5 17. Nxb5 c6 18. Nd4 Bg6 19. Rad1 Rfd8 20. c3 e5 21. Nb3 f6 22. Bc5 Kf7 23. Kg1 b6 24. Bxe7 Kxe7 25. Kf2 Bf7 26. Rxd8 Rxd8 27. Rc1 a5 28. Rc2 a4 29. Nc1 Rd1 30. b3 a3 31. c4 g5 32. Nc3 Rh1 33. h3 Ke6 34. N1e2 Bg6 35. Rc1 Rxc1 36. Nxc1 Kd6 37. Ke3 f5 38. Kd2 Kc5 39. Na4+ Kb4 40. Nxb6 e4 41. fxe4 fxe4 42. Na4 Bh7 43. Ke3 g4 44. hxg4 hxg4 45. Ne2 Bg8 46. Nec3 1-0


[Site "https://www.chess.com"]

[Event "Titled Tuesday Blitz November 08 Late 2022"]
[White "Barash, Anton"]
[Black "Urbina Perez, Juan Antonio"]
[WhiteFideId "30935229"]
[BlackFideId "2217368"]
[WhiteElo "2274"]
[BlackElo "2197"]
[Result "1-0"]
[Round "02"]
[TimeControl "180+1"]
[Date "2022.11.09"]
[WhiteClock "0:00:09"]
[BlackClock "0:00:39"]

1. e4 c5 2. Nf3 d6 3. d4 cxd4 4. Nxd4 Nf6 5. Nc3 Nc6 6. Bc4 Qb6 7. Nb3 e6 8. O-O a6 9. a4 Be7 10. Kh1 O-O 11. Be3 Qc7 12. f4 b6 13. Qf3 Bb7 14. Nd2 Rac8 15. Qg3 Na5 16. Ba2 d5 17. e5 Ne4 18. Ncxe4 dxe4 19. c3 Bc5 20. Bxc5 bxc5 21. f5 exf5 22. Rxf5 Qd7 23. Raf1 Qxd2 24. Rxf7 Rxf7 25. Rxf7 Qh6 26. Rf6+ Kh8 27. Rxh6 gxh6 28. Be6 Rf8 29. h3 Nc6 30. Qe3 Nxe5 31. Qxh6 Ng6 32. Kh2 Bc8 33. Bd5 Re8 34. Qe3 Bf5 35. Bc6 Re5 36. g4 Be6 37. Bb7 Kg7 38. Bxa6 Bd5 39. Bc8 Re8 40. Bf5 Bc6 41. Kg3 Ne7 42. h4 Nxf5+ 43. gxf5 h6 44. Kf4 Kf6 45. Qg3 Rf8 46. Qg6+ Ke7 47. Qe6+ Kd8 48. Qxc6 Re8 49. Qxe8+ Kxe8 50. Kxe4 Kd7 51. Ke5 Ke7 52. f6+ Kf7 53. a5 Kf8 54. a6 h5 55. a7 Kf7 56. a8=Q c4 57. Qb7+ Kg6 58. Qg7# 1-0


[Site "https://www.chess.com"]

[Event "Titled Tuesday Blitz November 08 Late 2022"]
[White "Becerra, Juan David"]
[Black "Guha, Eshan"]
[WhiteFideId "4404998"]
[BlackFideId "30958628"]
[WhiteElo "2281"]
[BlackElo "2256"]
[Result "0-1"]
[Round "02"]
[TimeControl "180+1"]
[Date "2022.11.09"]
[WhiteClock "0:00:24"]
[BlackClock "0:00:07"]

1. d4 Nf6 2. c4 c5 3. dxc5 e6 4. Be3 Na6 5. a3 Nxc5 6. b4 Nce4 7. f3 Nd6 8. Nd2 Nf5 9. Bf2 d5 10. e3 a5 11. c5 axb4 12. axb4 Rxa1 13. Qxa1 h5 14. Bd3 Be7 15. Bxf5 exf5 16. Ne2 O-O 17. Nd4 b6 18. N2b3 bxc5 19. bxc5 Nd7 20. Nxf5 Bf6 21. Qc1 Ne5 22. Qc2 h4 23. h3 Ba6 24. Nc1 Qa5+ 25. Qd2 Nd3+ 26. Nxd3 Bc3 27. O-O Bxd2 28. Ne7+ Kh7 29. c6 Bxd3 30. Rd1 Be2 31. Rb1 Qc7 32. Rb7 Qe5 33. c7 Ba6 34. Rb8 Qxe7 0-1


[Site "https://www.chess.com"]

[Event "Titled Tuesday Blitz November 08 Late 2022"]
[White "Beerdsen, Thomas"]
[Black "Souleidis, Georgios"]
[WhiteFideId "1030108"]
[BlackFideId "4206827"]
[WhiteElo "2806"]
[BlackElo "2554"]
[Result "1-0"]
[Round "02"]
[TimeControl "180+1"]
[Date "2022.11.09"]
[WhiteClock "0:02:56"]
[BlackClock "0:02:30"]

1. g4 d5 2. Bg2 c6 3. c4 e6 4. d4 Bd6 5. Nc3 h6 6. h4 Nf6 7. g5 hxg5 8. hxg5 Rxh1 9. Bxh1 Nh5 10. e4 dxe4 11. Qxh5 1-0


[Site "https://www.chess.com"]

[Event "Titled Tuesday Blitz November 08 Late 2022"]
[White "Bernat, David"]
[Black "Gubajdullin, Alexei"]
[WhiteFideId "2099225"]
[BlackFideId "4141202"]
[WhiteElo "2338"]
[BlackElo "2230"]
[Result "0-1"]
[Round "02"]
[TimeControl "180+1"]
[Date "2022.11.09"]
[WhiteClock "0:00:18"]
[BlackClock "0:01:16"]

1. c4 Nf6 2. Nc3 g6 3. g3 Bg7 4. Bg2 O-O 5. e4 d6 6. Nge2 Nc6 7. O-O Be6 8. d3 Qd7 9. Nf4 Bg4 10. f3 Be6 11. Nxe6 fxe6 12. d4 e5 13. d5 Nd4 14. Ne2 c5 15. dxc6 Nxe2+ 16. Qxe2 bxc6 17. Rd1 c5 18. Be3 Qe6 19. b3 Nd7 20. Qd3 Kh8 21. Qd5 Qxd5 22. Rxd5 Nb8 23. Rad1 Nc6 24. R5d2 a5 25. Bg5 h5 26. Bh3 Ra7 27. Kg2 Kh7 28. Be6 Bh6 29. h4 Bxg5 30. hxg5 Nd4 31. Rxd4 cxd4 32. g4 hxg4 33. Bxg4 Rb8 34. Be6 a4 35. Rb1 axb3 36. axb3 Rb4 37. f4 exf4 38. Kf3 Ra3 39. Kxf4 Rbxb3 40. Rh1+ Kg7 41. Bg4 Rb2 42. e5 d3 43. exd6 exd6 44. Rd1 d2 45. Be2 d5 46. cxd5 Rb4+ 47. Ke5 Re3+ 48. Kd6 Rxe2 0-1


[Site "https://www.chess.com"]

[Event "Titled Tuesday Blitz November 08 Late 2022"]
[White "Besedes, Danilo"]
[Black "Melkumyan, Hrant"]
[WhiteFideId "946796"]
[BlackFideId "13302485"]
[WhiteElo "2352"]
[BlackElo "2604"]
[Result "1/2-1/2"]
[Round "02"]
[TimeControl "180+1"]
[Date "2022.11.08"]
[WhiteClock "0:00:06"]
[BlackClock "0:00:02"]

1. Nf3 c5 2. e3 Nf6 3. b3 g6 4. Bb2 Bg7 5. d4 cxd4 6. exd4 O-O 7. Be2 d5 8. O-O Nc6 9. Re1 Bf5 10. a3 Ne4 11. Nbd2 Rc8 12. Nf1 Qa5 13. Ne3 Nc3 14. Bxc3 Qxc3 15. Nxd5 Qxc2 16. Qxc2 Bxc2 17. Rac1 Bxb3 18. Bc4 Bxc4 19. Rxc4 Kh8 20. g3 e6 21. Nb4 Nxb4 22. Rxb4 b6 23. a4 Rfd8 24. a5 Rc6 25. axb6 Rxb6 26. Ra4 Rb7 27. Rea1 Rdd7 28. Kg2 Bf6 29. R1a2 Kg7 30. Kf1 h5 31. h4 Rdc7 32. Ke2 Be7 33. Ne5 Bb4 34. Ra6 Be7 35. Nc6 Bf6 36. Rxa7 Rxa7 37. Nxa7 Bxd4 38. Nb5 Rd7 39. Rd2 e5 40. Nxd4 exd4 41. Kd3 Kf6 42. Ke4 Re7+ 43. Kf4 Rd7 44. Ke4 g5 45. hxg5+ Kxg5 46. Rxd4 f5+ 47. Ke3 Rxd4 48. Kxd4 f4 49. Kd3 Kg4 50. Ke2 h4 51. gxh4 Kxh4 52. Kf3 Kg5 53. Ke4 Kg4 54. Ke5 Kf3 55. Kf5 Kxf2 56. Kxf4 1/2-1/2


[Site "https://www.chess.com"]

[Event "Titled Tuesday Blitz November 08 Late 2022"]
[White "Boruchovsky, Avital"]
[Black "Crevatin, Leo"]
[WhiteFideId "2800055"]
[BlackFideId "1726307"]
[WhiteElo "2793"]
[BlackElo "2548"]
[Result "1-0"]
[Round "02"]
[TimeControl "180+1"]
[Date "2022.11.09"]
[WhiteClock "0:00:02"]
[BlackClock "0:00:02"]

1. b3 d5 2. Bb2 Nf6 3. Nf3 Bg4 4. Ne5 Bf5 5. d3 Nbd7 6. Nd2 e6 7. Ndf3 Bd6 8. g3 O-O 9. Bg2 Nxe5 10. Nxe5 Nd7 11. Nxd7 Qxd7 12. e4 Bg6 13. O-O c6 14. f4 dxe4 15. dxe4 Bc5+ 16. Kh1 Qxd1 17. Raxd1 Rad8 18. g4 f6 19. Bc1 Bb6 20. h3 Rxd1 21. Rxd1 Rd8 22. Rxd8+ Bxd8 23. Kg1 e5 24. f5 Bf7 25. Bf1 h5 26. Kf2 hxg4 27. hxg4 Kf8 28. a4 Bb6+ 29. Kf3 Bc5 30. g5 fxg5 31. Bxg5 Be7 32. Be3 g6 33. Bxa7 gxf5 34. exf5 Bd5+ 35. Kg4 Kg7 36. Be3 Bb4 37. Bd3 Kf6 38. Bg5+ Kf7 39. c4 Bh1 40. f6 e4 41. Be2 Bd6 42. a5 Kg6 43. Bf4 Bxf4 44. Kxf4 Kxf6 45. Bg4 Ke7 46. Bc8 Kd6 47. Bxb7 Kc7 48. a6 Bf3 49. Ke3 Bd1 50. b4 Bc2 51. c5 Bd3 52. Kd4 Bc2 53. Bxc6 Kxc6 54. b5+ Kc7 55. b6+ Kb8 56. c6 Ba4 57. c7+ Kc8 58. Kc5 Kd7 59. a7 Bc6 60. c8=Q+ 1-0


[Site "https://www.chess.com"]

[Event "Titled Tuesday Blitz November 08 Late 2022"]
[White "Brodowski, Piotr"]
[Black "Xiong, Jeffery"]
[WhiteFideId "1124480"]
[BlackFideId "2047640"]
[WhiteElo "2351"]
[BlackElo "2725"]
[Result "0-1"]
[Round "02"]
[TimeControl "180+1"]
[Date "2022.11.08"]
[WhiteClock "0:00:03"]
[BlackClock "0:00:22"]

1. c4 e6 2. Nf3 d5 3. e3 Nf6 4. b3 b6 5. Bb2 Bb7 6. Be2 Bd6 7. Nc3 a6 8. Qc2 Nbd7 9. g4 dxc4 10. g5 cxb3 11. axb3 Nh5 12. Ne4 e5 13. Rg1 g6 14. d4 Bb4+ 15. Kf1 exd4 16. Nxd4 Nc5 17. Nxc5 Bxc5 18. Bxh5 gxh5 19. Nf5 Rg8 20. Rd1 Qc8 21. h4 a5 22. Rg3 Qe6 23. Ng7+ Rxg7 24. Bxg7 Bd6 0-1


[Site "https://www.chess.com"]

[Event "Titled Tuesday Blitz November 08 Late 2022"]
[White "Brown, Andrew"]
[Black "Boyer, Mahel"]
[WhiteFideId "3206513"]
[BlackFideId "45102422"]
[WhiteElo "2245"]
[BlackElo "2454"]
[Result "1-0"]
[Round "02"]
[TimeControl "180+1"]
[Date "2022.11.09"]
[WhiteClock "0:00:17"]
[BlackClock "0:00:17"]

1. d4 d6 2. c4 e5 3. dxe5 dxe5 4. Qxd8+ Kxd8 5. Nc3 c6 6. e4 Bc5 7. f4 Nf6 8. Nf3 exf4 9. Bxf4 Be6 10. O-O-O+ Nbd7 11. Be2 h6 12. h3 Ke7 13. e5 Nh5 14. Bh2 g5 15. Nd4 Nf4 16. Bxf4 gxf4 17. Nxe6 fxe6 18. Rxd7+ Kxd7 19. Ne4 Be3+ 20. Kc2 Rad8 21. Bg4 Ke7 22. Nd6 Bd4 23. Nxb7 Rb8 24. Na5 Rxb2+ 25. Kd3 Bxe5 26. Nxc6+ Kf6 27. Nxe5 Kxe5 28. Re1+ Kd6 29. Rxe6+ Kc5 30. Re5+ Kd6 31. Re6+ Kc7 32. Re7+ Kb8 33. Bf3 Rd8+ 34. Kc3 Rb1 35. c5 Rc8 36. Kd4 Rb4+ 37. Kd5 Rb5 38. Kd6 Rcxc5 39. Bc6 Rxc6+ 40. Kxc6 Rb6+ 41. Kc5 Rg6 42. Re2 Rg3 43. Kc6 Rg6+ 44. Kd5 Kb7 45. Ke5 f3 46. gxf3 Rg3 47. f4 Rxh3 48. f5 Rf3 49. Ke6 h5 50. f6 h4 51. f7 h3 52. Ke7 h2 53. Rxh2 Re3+ 54. Kf6 Rf3+ 55. Kg7 Rg3+ 56. Kh7 Rf3 57. Kg6 Rg3+ 58. Kf6 Rf3+ 59. Ke6 Re3+ 60. Kd6 Rf3 61. Rh7 Kb6 62. Ke7 Re3+ 63. Kf8 Re2 64. Kg8 Rg2+ 65. Rg7 Rf2 66. f8=Q Rxf8+ 67. Kxf8 a5 68. Rg4 Kb5 69. a4+ Kc5 70. Ke7 Kd5 71. Kd7 Kc5 72. Kc7 Kd5 73. Kb6 Ke5 74. Kxa5 Kf5 75. Rb4 Ke5 76. Kb5 Kd5 77. a5 Kd6 78. a6 Kc7 79. Rf4 Kb8 80. Kb6 Kc8 81. Rf7 Kd8 82. a7 Ke8 83. Rb7 Kd8 84. a8=Q# 1-0


[Site "https://www.chess.com"]

[Event "Titled Tuesday Blitz November 08 Late 2022"]
[White "Capp, Stephen"]
[Black "Zhu, Jiner"]
[WhiteFideId "2027089"]
[BlackFideId "8608059"]
[WhiteElo "2164"]
[BlackElo "2384"]
[Result "0-1"]
[Round "02"]
[TimeControl "180+1"]
[Date "2022.11.09"]
[WhiteClock "0:00:11"]
[BlackClock "0:00:43"]

1. e4 e5 2. Nf3 Nc6 3. d4 exd4 4. Bc4 Nf6 5. O-O Bc5 6. e5 d5 7. exf6 dxc4 8. fxg7 Rg8 9. Bg5 f6 10. Bh6 Bg4 11. Re1+ Be7 12. Qe2 Qd5 13. Nbd2 d3 14. cxd3 cxd3 15. Qe4 Qxe4 16. Nxe4 Kf7 17. Rad1 Rad8 18. Ng3 Bxf3 19. gxf3 Ne5 20. Kg2 Bb4 21. Re4 Bc5 22. Nf5 Kg6 23. Rf4 Nf7 24. Rg4+ Kxf5 25. Bd2 Ne5 26. Rf4+ Ke6 27. Re1 Rxg7+ 28. Kh1 Bxf2 29. Rf1 Rdg8 30. Rb4 Rg1+ 0-1


[Site "https://www.chess.com"]

[Event "Titled Tuesday Blitz November 08 Late 2022"]
[White "Chojnacki, Slawomir"]
[Black "Bibilashvili, Lali"]
[WhiteFideId "1117076"]
[BlackFideId "13604236"]
[WhiteElo "2096"]
[BlackElo "1819"]
[Result "1-0"]
[Round "02"]
[TimeControl "180+1"]
[Date "2022.11.09"]
[WhiteClock "0:01:03"]
[BlackClock "0:00:34"]

1. d4 Nf6 2. Nf3 g6 3. c3 Bg7 4. Bg5 O-O 5. Nbd2 d6 6. e4 Nbd7 7. e5 Ne8 8. exd6 cxd6 9. Bc4 Nb6 10. Bb3 h6 11. Bh4 d5 12. O-O Nf6 13. Re1 Bg4 14. h3 Bxf3 15. Nxf3 e6 16. Ne5 Qc7 17. Qf3 Ne4 18. Bc2 Nd6 19. Qg4 Nf5 20. Bxf5 exf5 21. Qf3 g5 22. Bg3 f4 23. Bh2 Rae8 24. Nd3 Qd7 25. h4 Nc4 26. hxg5 hxg5 27. Qh5 f6 28. g3 Re4 29. gxf4 g4 30. Bg3 f5 31. Nc5 Rxe1+ 32. Rxe1 Qc7 33. Nd3 Qf7 34. Qxf7+ Kxf7 35. Ne5+ Bxe5 36. fxe5 Nxb2 37. Rb1 Na4 38. Rxb7+ Ke6 39. Bh4 Rf7 40. Rb3 Rc7 41. Ra3 Nxc3 42. Ra6+ Kf7 43. e6+ Ke8 44. Rd6 Ne4 45. Rd8# 1-0


[Site "https://www.chess.com"]